 Dungeon Crawl Stone Soup version 0.30-a0-1163-gf69bf04e7a (webtiles) character file.

Game seed: 12266729830251293214

240 NinjaNoafa the Changer (level 6, -5/38 HPs)
             Began as an Octopode Transmuter on Apr 28, 2023.
             Slain by a phantom (8 damage)
             ... on level 4 of the Dungeon.
             The game lasted 00:09:07 (2177 turns).

NinjaNoafa the Changer (Octopode Transmuter)        Turns: 2177, Time: 00:09:08

Health: -5/38      AC:  1    Str: 10    XL:     6   Next: 8%
Magic:  8/12       EV: 13    Int: 17    God:
Gold:   38         SH:  0    Dex: 12    Spells: 10/13 levels left

rFire   . .          .
                       - Unarmed
rCold   . . .        (no shield)
rNeg    . . .        (helmet currently unavailable)
rPois   .            (no amulet)
rElec   .            (no ring)
rCorr   .            (no ring)
SInv    .            (no ring)
Will    .....        (no ring)
Stlth   ++           (no ring)
HPRegen 0.26/turn    (no ring)
MPRegen 0.13/turn    (no ring)
                     (no ring)

%: no passive effects
@: appendages, wereblooded
A: tentacle spike 3, almost no armour, amphibious, 8 rings, camouflage 1,
gelatinous body 1, (nimble swimmer 1), tentacles
a: End Transformation


You were on level 4 of the Dungeon.
One of your tentacles had grown a beastly spike.
You visited 1 branch of the dungeon, and saw 4 of its levels.
You also visited: Sewer.

You collected 104 gold pieces.
You spent 66 gold pieces at shops.

Inventory:

Jewellery
 f - a ring of fire
Scrolls
 a - a scroll of blinking
 b - a scroll of enchant armour {unknown}
 c - a scroll of poison {unknown}
 d - a scroll of enchant weapon {unknown}
 e - a scroll of identify
 i - a scroll of vulnerability {unknown}
 k - a scroll of summoning {unknown}
 l - 2 scrolls of fear {unknown}
 m - a scroll of teleportation {unknown}
 n - a scroll of fog {unknown}
Potions
 g - a potion of flight
 h - a potion of brilliance
 j - a potion of attraction {unknown}


   Skills:
 + Level 1.0 Fighting
 - Level 2.0 Dodging
 - Level 3.0 Unarmed Combat
 - Level 4.0 Spellcasting
 - Level 4.3 Transmutations
 - Level 2.0 Poison Magic


You had 10 spell levels left.
You knew the following spells:

 Your Spells              Type           Power      Damage    Failure   Level
a - Beastly Appendage     Tmut           36%        N/A       2%          1
b - Wereblood             Tmut           18%        N/A       4%          2

Your spell library contained the following spells:

 Spells                   Type           Power      Damage    Failure   Level
 Spider Form              Tmut/Pois      14%        N/A       13%         3
 Necrotise                Necr           12%        1d4       16%         1
 Vampiric Draining        Necr           3%         2d6       43%         3
 Ice Form                 Ice/Tmut       10%        N/A       54%         4
 Agony                    Necr           3%         N/A       99%         5


Dungeon Overview and Level Annotations

Branches:
Dungeon (4/15)              Sewer (visited)
 Temple: D:4-7

Altars:
Trog

Shops:
D:3 (*=


Innate Abilities, Weirdness & Mutations

One of your tentacles has grown a beastly spike.
You cannot wear most types of armour.
You are amphibious.
You can wear up to eight rings at the same time.
Your skin changes colour to match your surroundings (Stealth+).
Your rubbery body absorbs attacks. (AC +1, EV +1)
((You are camouflaged when in or above water. (Stealth+)))
You have tentacles for arms and can constrict up to eight enemies at once.


Message History

The phantom barely misses you.
You miss the phantom.
The phantom is moderately damaged.
The phantom closely misses you.
You tentacle-slap the phantom. Your squeeze misses the phantom.
The phantom is heavily damaged.
The phantom hits you!
* * * LOW HITPOINT WARNING * * *
You feel better. The phantom closely misses you.
Casting: Beastly Appendage (safe; 2% risk of failure)
Confirm with . or Enter, or press ? or * to list all spells.
One of your tentacles grows a vicious spike.
The phantom hits you.
* * * LOW HITPOINT WARNING * * *
The phantom blinks!
You blink.
Unknown command.
Unknown command.
Unknown command.
You closely miss the phantom.
You pierce the phantom.
The phantom is heavily damaged.
The phantom hits you.
* * * LOW HITPOINT WARNING * * *
The phantom blinks!
You blink.
Unknown command.
Casting: Beastly Appendage (safe; 2% risk of failure)
Confirm with . or Enter, or press ? or * to list all spells.
Your blood is infused with primal strength.
The phantom hits you.
* * * LOW HITPOINT WARNING * * *
Unknown command.
You tentacle-slap the phantom.
Your tentacle spike misses the phantom.
The phantom is heavily damaged.
The phantom hits you!
* * * LOW HITPOINT WARNING * * *
The phantom blinks!
You blink.
Okay, then.
You closely miss the phantom.
The phantom is heavily damaged.
The phantom hits you!
You die...

.# #.# .. .# ##.## ##
#.# #####...## ###.#
#.....§§.#
##.#.####.###....##
........#.###.....####
..............§......+
#....##.#.###.$..W####
##...##.#.# ##.#@##
#...##.#........#
#..###.######.###
#......# #.# #.######
#.# #.# #.# #.# #.# #.


You could see a phantom.

Vanquished Creatures
  A scorpion (D:4)
  A gnoll (D:4)
  8 adders
  A river rat (Sewer)
  2 worms
  2 dart slugs
  An orc (D:3)
  4 bats
  3 endoplasms
  6 giant cockroaches
  10 goblins
  5 hobgoblins
  4 jackals (D:1)
  4 quokkas
  11 ball pythons
  3 frilled lizards
  9 kobolds
  12 rats
87 creatures vanquished.

Vanquished Creatures (others)
  A fungus (D:3)
  A plant (D:3)
2 creatures vanquished.

Grand Total: 89 creatures vanquished

Notes
Turn   | Place    | Note
-------+----------+-------------------------------------------
     0 | D:1      | NinjaNoafa the Octopode Transmuter began the quest for the
                  | Orb.
     0 | D:1      | Reached XP level 1. HP: 13/13 MP: 3/3
   104 | D:1      | Reached XP level 2. HP: 16/18 MP: 3/5
   112 | D:1      | Learned a level 2 spell: Wereblood
   270 | D:1      | Reached XP level 3. HP: 20/23 MP: 3/6
   743 | D:2      | Reached XP level 4. HP: 28/28 MP: 6/8
  1194 | D:3      | HP: 2/42 [adder (2)]
  1234 | D:3      | Found a faded altar of an unknown god.
  1448 | D:3      | Found Pusa Puecwoe's Assorted Antiques.
  1495 | D:3      | Found a glowing drain.
  1508 | D:3      | Reached XP level 5. HP: 22/33 MP: 6/10
  1529 | Sewer    | Entered a sewer
  1617 | Sewer    | Noticed a kobold brigand
  1619 | Sewer    | Noticed a kobold brigand
  1696 | D:3      | Found Leah's Weapon Shoppe.
  1735 | D:3      | Bought a scroll labelled HANUPP ANEUCK for 23 gold pieces
  1735 | D:3      | Bought a scroll labelled JENYUNTIOLE for 23 gold pieces
  1735 | D:3      | Bought a viscous clear potion for 20 gold pieces
  1806 | D:3      | Found Vasaull's Jewellery Emporium.
  1967 | D:4      | Noticed a phantom
  2067 | D:4      | Found a bloodstained altar of Trog.
  2083 | D:4      | Reached skill level 1 in Poison Magic
  2163 | D:4      | Reached XP level 6. HP: 18/38 MP: 9/12
  2177 | D:4      | Slain by a phantom

Illustrated notes

Levels and vault maps discovered:
D:1:      elethiomel_arrival_infinity_welcomes_careful_drivers, layout_rooms,
          chequers_serial_rivers_micro_d
D:2:      layout_rooms, kennysheep_potato
D:3:      layout_loops_ring, shapermc_ecumenical_altar_acropolis,
          gup_sewer_entry_glass, serial_shops, shop_statue,
          nicolae_shop_bloodbath_and_beyond, shop
D:4:      layout_loops_corners, trog_antimagical, uniq_edmund

Skill      XL: |  1  2  3  4  5 |
---------------+----------------+-----
Transmutations | 3 4 |  4.3
Spellcasting   | 3 4 |  4.0
Poison Magic   | 2 |  2.0
Fighting       | |  1.0
Dodging        | |  2.0
Unarmed Combat | |  3.0

Action                     |  1- 3 |  4- 6 || total
---------------------------+-------+-------++-------
  Melee: Unarmed           |    67 |   113 ||   180
         Constrict         |    20 |    34 ||    54
         Kick              |    17 |    34 ||    51
         Tentacles         |     8 |    19 ||    27
         Punch             |     2 |     4 ||     6
   Cast: Beastly Appendage |    13 |    19 ||    32
         Wereblood         |     4 |    16 ||    20
    Use: Potion            |     1 |     4 ||     5
         Scroll            |       |     4 ||     4
   Stab: Sleeping          |     1 |     3 ||     4
 Armour: Skin              |     6 |    11 ||    17
  Dodge: Dodged            |    49 |    78 ||   127

Table legend: (Time is in decaauts)
 A = Elapsed time spent in this place.
 B = Non-inter-level travel time spent in this place.
 C = Inter-level travel time spent in this place.
 D = Time resting spent in this place.
 E = Time spent auto-exploring this place.
 F = Levels seen in this place.
 G = Mean time per level.
                   A        B        C        D        E       F      G
               +--------+--------+--------+--------+--------+-----+--------+
         Total |   2166 |   2029 |    137 |     38 |   1198 |   5 |  433.2 |
       Dungeon |   2046 |   1909 |    137 |     33 |   1145 |   4 |  511.5 |
         Sewer |    120 |    120 |      0 |      5 |     53 |   1 |  120.0 |
               +--------+--------+--------+--------+--------+-----+--------+

Top non-repeatable levels by time:
     D:3: 778 daAuts
     D:1: 616 daAuts
     D:2: 450 daAuts
     D:4: 201 daAuts
   Sewer: 120 daAuts
